 Dungeon Crawl Stone Soup version 0.27-a0-1105-g946c659c87 (webtiles) character file.

Game seed: 4742610901415922483

1321 HoaS the Cruncher (level 8, -2/58 HPs)
             Began as a Formicid Fighter on Apr 30, 2021.
             Was an Initiate of Okawaru.
             Slain by an orc priest
             ... wielding a +4 short sword
              (7 damage)
             ... on level 6 of the Dungeon.
             The game lasted 00:14:58 (6412 turns).

HoaS the Cruncher (Formicid Fighter)                Turns: 6412, Time: 00:14:59

Health: -2/58      AC: 10    Str: 22    XL:     8   Next: 90%
Magic:  9/9        EV:  9    Int:  8    God:    Okawaru [......]
Gold:   301        SH:  0    Dex: 11    Spells: 7/7 levels left

rFire    + . .     SeeInvis +   q - +4 glaive "Teontibloh" {elec, rF+ Stlth+}
rCold    . . .     Faith    .   c - +0 kite shield
rNeg     . . .     Spirit   .   b - +0 scale mail
rPois    .         Reflect  .   (helmet unavailable)
rElec    .         Harm     .   (no cloak)
rCorr    .         Rampage  .   o - +0 pair of gloves
Will     .....                  h - +1 pair of boots
Stlth    ..........             (no amulet)
HPRegen  0.19/turn              (no ring)
MPRegen  0.11/turn              (no ring)

@: confused, mighty
A: permanent stasis, dig shafts and tunnels, antennae 3, four strong arms
a: Dig, Shaft Self, Renounce Religion


You were on level 6 of the Dungeon.
You worshipped Okawaru.
Okawaru was noncommittal.
You visited 1 branch of the dungeon, and saw 6 of its levels.
You also visited: Sewer.

You collected 301 gold pieces.

Inventory:

Hand Weapons
 a - a +1 quarterstaff
 q - the +4 glaive "Teontibloh" (weapon) {elec, rF+ Stlth+}
   (You found it on level 5 of the Dungeon)

   Occasionally, upon striking a foe, it can discharge electrical energy and
   cause terrible harm.
   It protects you from fire.
   It makes you more stealthy.
Missiles
 f - 95 arrows
 g - 73 bolts
Armour
 b - a +0 scale mail (worn)
 c - a +0 kite shield (worn)
 h - a +1 pair of boots (worn)
 o - a +0 pair of gloves (worn)
Jewellery
 r - a ring of ice
Wands
 m - a wand of digging (5)
Scrolls
 l - 2 scrolls of fear
 s - a scroll of enchant weapon
Potions
 d - a potion of might
 e - a potion of cancellation
 i - a potion of curing {unknown}
 j - a potion of degeneration {unknown}
 k - a potion of brilliance {unknown}
 n - 2 potions of berserk rage {unknown}
 p - 4 potions of flight
 t - a potion of invisibility {unknown}


   Skills:
 - Level 3.2 Fighting
 * Level 8.4 Staves
 - Level 3.2 Armour
 + Level 7.7 Shields
 + Level 2.2 Invocations


You had 7 spell levels left.
You didn't know any spells.
Your spell library contained the following spells:

 Spells                   Type           Power      Damage    Failure   Level
 Confusing Touch          Hex            0%         N/A       99%         3
 Gell's Gravitas          Tloc           0%         N/A       99%         3
 Petrify                  Tmut/Erth      0%         N/A       100%        4
 Metabolic Englaciation   Hex/Ice        0%         N/A       100%        5
 Yara's Violent Unravell  Hex/Tmut       0%         3d3       100%        5


Dungeon Overview and Level Annotations

Branches:
Dungeon (6/15)              Sewer (visited)
 Temple: D:4-7

Altars:
Okawaru

Shops:
D:4 [[(

Annotations:
D:4 2 transporters, Darold's ghost, amateur HOMo


Innate Abilities, Weirdness & Mutations

You cannot be hasted, slowed, berserked, paralysed or teleported.
You can dig through walls and to a lower floor.
You have a pair of large antennae on your head. (SInv)
Your four strong arms can wield two-handed weapons with a shield.


Message History

The orc wizard hits you but does no damage.
The orc warrior completely misses you.
You barely miss the orc warrior. You block the orc wizard's attack.
The orc warrior hits you with a +0 mace!
You slice the orc warrior!!
The orc warrior is almost dead.
You block the orc wizard's attack. The orc warrior closely misses you.
You block the orc wizard's attack. The orc warrior barely misses you.
You closely miss the orc warrior.
The orc warrior is almost dead.
The orc wizard hits you with a +0 dagger.
The orc warrior hits you but does no damage.
You barely miss the orc warrior.
The orc warrior is almost dead.
The orc wizard hits you but does no damage.
The orc warrior barely misses you. The orc wizard barely misses you.
The orc warrior hits you with a +0 mace!
* * * LOW HITPOINT WARNING * * *
You closely miss the orc warrior.
The orc warrior is almost dead.
The orc wizard gestures at you while chanting.
The puff of flame hits you. You resist.
* * * LOW HITPOINT WARNING * * *
The orc warrior hits you with a +0 mace!
* * * LOW HITPOINT WARNING * * *
You slash the orc warrior!
You kill the orc warrior!
Okawaru accepts your kill. You block the orc wizard's attack.
The orc wizard points at you and mumbles some strange words.
You are confused.
Your Invocations skill increases to level 2!
You feel very mighty all of a sudden. The orc wizard casts a spell at you.
You easily resist.
You slice the orc wizard!!
You kill the orc wizard!
Okawaru accepts your kill.
The orc priest hits you with a +4 short sword!
You die...

#...# #..##.##.##.#######
#...####..##.##.##.#.....#
..........##..#.##.#.....#
..........###.#.##..<....#
........#Z###.#{####.....#
#...#####o....{{## #.....#
...Z....on###.##.#########
!...#.###.# #.###o#
....#.# #.# #.##@##
.#....o #......).#
.##.#..##..##.##.#
..#....o... #.....
.......... ####.# #.
#.#.## #.# ..# ###


You could see an orc priest.

Vanquished Creatures
  An orc warrior (D:6)
  6 ogres
  A necrophage (D:5)
  A sky beast (D:5)
  A water moccasin zombie (D:5)
  2 water moccasin skeletons (D:5)
  An orc priest (D:3)
  3 iguanas
  An orc wizard (D:6)
  A merfolk siren (Sewer)
  A merfolk avatar (Sewer)
  3 adders
  4 river rats (Sewer)
  An ufetubus (D:5)
  2 worms
  6 dart slugs
  16 orcs
  14 ball pythons
  7 bats
  A bat skeleton (D:2)
  A bat zombie (D:2)
  9 endoplasms
  6 giant cockroaches
  9 goblins
  4 hobgoblins
  5 jackals (D:1)
  7 quokkas
  15 frilled lizards
  A jackal skeleton (D:2)
  6 kobolds
  32 rats
168 creatures vanquished.

Vanquished Creatures (others)
  3 withered plants (D:2)
3 creatures vanquished.

Grand Total: 171 creatures vanquished

Notes
Turn   | Place    | Note
-------+----------+-------------------------------------------
     0 | D:1      | HoaS the Formicid Fighter began the quest for the Orb.
     0 | D:1      | Reached XP level 1. HP: 18/18 MP: 1/1
    78 | D:1      | Reached XP level 2. HP: 24/24 MP: 2/2
   456 | D:1      | Reached XP level 3. HP: 29/29 MP: 3/3
   569 | D:1      | Reached skill level 3 in Staves
   809 | D:1      | Found a faded altar of an unknown god.
  1568 | D:2      | Reached XP level 4. HP: 32/35 MP: 4/4
  2052 | D:2      | Reached skill level 4 in Staves
  2418 | D:3      | Reached XP level 5. HP: 39/41 MP: 5/5
  3090 | D:3      | Reached skill level 5 in Shields
  3988 | D:3      | Reached XP level 6. HP: 38/47 MP: 6/6
  4348 | D:4      | Found Ulil's Antique Armour Boutique.
  4360 | D:4      | Reached skill level 5 in Staves
  4408 | D:4      | Found Pegioxziurch's Armour Emporium.
  4447 | D:4      | Found a transporter.
  4451 | D:4      | Noticed Darold's ghost (amateur HOMo)
  4451 | D:4      | Noticed a black bear
  4452 | D:4      | Found a transporter.
  4517 | D:4      | Found Uttuih's Weapon Shop.
  4606 | D:4      | Noticed an ogre
  4611 | D:4      | Killed an ogre
  4665 | D:4      | Noticed an ogre
  4671 | D:4      | Killed an ogre
  4672 | D:4      | Reached XP level 7. HP: 52/52 MP: 7/7
  4766 | D:4      | Reached skill level 6 in Staves
  4927 | D:5      | Entered Level 5 of the Dungeon
  4969 | D:5      | Found a glowing drain.
  4981 | Sewer    | Entered a sewer
  5681 | D:5      | Identified the +4 glaive "Teontibloh" {elec, rF+ Stlth+}
  5699 | D:5      | Reached skill level 7 in Staves
  5699 | D:5      | Reached XP level 8. HP: 58/58 MP: 8/8
  5882 | D:5      | Found an iron altar of Okawaru.
  5938 | D:5      | Became a worshipper of Warmaster Okawaru
  6026 | D:5      | Reached skill level 1 in Invocations
  6065 | D:5      | Reached skill level 8 in Staves
  6412 | D:6      | Slain by an orc priest

Illustrated notes

Levels and vault maps discovered:
D:1:      onia_arrival_pentagram, layout_basic,
          chequers_ecumenical_altar_island, minmay_surrounded
D:2:      layout_basic, serial_undead, serial_undead_c, serial_undead_e,
          serial_undead_b, serial_undead_d, minmay_crystal_room
D:3:      minmay_razor_zed, layout_basic
D:4:      layout_basic, gammafunk_ghost_arena, serial_shops, shop,
          nicolae_shop_stone, nicolae_shop_waterfront, item_on_display_a
D:5:      layout_gridville, okawaru_metal_pillars_1_2, portal_sewer_entry_b,
          corexii_leaking_fountain, feat_on_display
D:6:      layout_loops_cross, serial_shops, shop

Skill      XL: |  1  2  3  4  5  6  7  8 |
---------------+-------------------------+-----
Shields        | 4 5 6 7 |  7.7
Staves         | 3 4 5 7 8 |  8.4
Invocations    | 2 |  2.2
Fighting       | |  3.2
Armour         | |  3.2

Action                   |  1- 3 |  4- 6 |  7- 9 || total
-------------------------+-------+-------+-------++-------
Melee: Quarterstaff      |   111 |   210 |   171 ||   492
       Glaive            |       |       |    46 ||    46
 Abil: Dig               |       |       |     1 ||     1
Evoke: Wand              |       |    10 |     1 ||    11
  Use: Scroll            |     2 |     7 |     1 ||    10
       Potion            |       |       |     1 ||     1
Armor: Scale mail        |    53 |    65 |    68 ||   186
Dodge: Dodged            |    38 |    58 |    53 ||   149
Block: Kite shield       |    59 |    88 |   119 ||   266

Table legend: (Time is in decaauts)
 A = Elapsed time spent in this place.
 B = Non-inter-level travel time spent in this place.
 C = Inter-level travel time spent in this place.
 D = Time resting spent in this place.
 E = Time spent auto-exploring this place.
 F = Levels seen in this place.
 G = Mean time per level.
                   A        B        C        D        E       F      G
               +--------+--------+--------+--------+--------+-----+--------+
         Total |   6583 |   6349 |    234 |    566 |   4437 |   7 |  940.4 |
       Dungeon |   5869 |   5635 |    234 |    566 |   4031 |   6 |  978.2 |
         Sewer |    714 |    714 |      0 |      0 |    406 |   1 |  714.0 |
               +--------+--------+--------+--------+--------+-----+--------+

Top non-repeatable levels by time:
     D:3: 1991 daAuts
     D:1: 1276 daAuts
     D:2: 1164 daAuts
     D:5: 780 daAuts
   Sewer: 714 daAuts
     D:4: 582 daAuts
     D:6: 73 daAuts
